 Dungeon Crawl Stone Soup version 0.28.0-49-g6dfe1f597d (console) character file.

Game seed: 17159758104210940546

9389 Faeu the Fighter (level 11, -1/105 HPs)
             Began as a Minotaur Berserker on May 15, 2022.
             Was a High Priest of Trog.
             Slain by a sixfirhy (3 damage)
             ... summoned by an orc high priest
             ... on level 2 of the Orcish Mines.
             The game lasted 00:36:52 (13041 turns).

Faeu the Fighter (Minotaur Berserker)              Turns: 13041, Time: 00:36:53

Health: -1/105     AC: 10    Str: 30    XL:     11   Next: 22%
Magic:  0/10       EV:  9    Int:  4    God:    Trog [*****.]
Gold:   740        SH:  0    Dex: 10    Spells: 10/10 levels left

rFire   + . .      SeeInvis .   u - +7 broad axe {vorpal, rCorr Str+4, axe}
rCold   + . .      Faith    .   (no shield)
rNeg    + . .      Spirit   +   a - +0 plate armour
rPois   +          Reflect  .   (helmet restricted)
rElec   +          Harm     .   (no cloak)
rCorr   +          Rampage  .   L - +0 pair of gloves
Will    .....                   i - +0 pair of boots
Stlth   ..........              j - amulet of guardian spirit
HPRegen 0.27/turn               E - ring of Houk {rN+ Slay+2}
MPRegen 0.12/turn               (no ring)

@: resistant, corroded, on berserk cooldown, slowed, very slow
A: horns 2, retaliatory headbutt
a: Renounce Religion, Berserk, Trog's Hand, Brothers in Arms


You were on level 2 of the Orcish Mines.
You worshipped Trog.
Trog was extremely pleased with you.
You visited 2 branches of the dungeon, and saw 11 of its levels.
You also visited: Sewer.

You collected 740 gold pieces.


Innate Abilities, Weirdness & Mutations

You have a pair of horns on your head.
You reflexively headbutt those who attack you in melee.


   Skills:
 + Level 12.4 Fighting
 + Level 12.4 Axes
 + Level 12.1 Armour
 - Level 4.5 Dodging


You had 10 spell levels left.
You didn't know any spells.
Your spell library contained the following spells:

 Spells                   Type           Power      Damage    Failure   Level
 Blink                    Tloc           0%         N/A       99%         2
 Lesser Beckoning         Tloc           0%         N/A       100%        3
 Stone Arrow              Conj/Erth      0%         3d7       100%        3
 Animate Armour           Summ/Erth      0%         N/A       100%        4
 Petrify                  Tmut/Erth      0%         N/A       100%        4
 Manifold Assault         Tloc           0%         N/A       100%        5
 Metabolic Englaciation   Hex/Ice        0%         N/A       100%        5
 Statue Form              Tmut/Erth      0%         N/A       100%        6
 Lehudib's Crystal Spear  Conj/Erth      0%         10d2      100%        8

Inventory:

Hand Weapons
 b - a +0 antimagic halberd {polearm}
   (You took it off a wight on level 8 of the Dungeon)
 u - the +7 broad axe of Misery (weapon) {vorpal, rCorr Str+4, axe}
   (Trog gifted it to you on level 2 of the Orcish Mines)

   It inflicts extra damage upon your enemies.
   Str:       It affects your strength (+4).
   rCorr:     It protects you from acid and corrosion.
 B - a +3 mace of freezing {mace}
   (You took it off a wight on level 8 of the Dungeon)
 F - a +1 flail of protection {mace}
   (You took it off an orc on level 5 of the Dungeon)
 K - a +6 mace {mace}
   (You took it off a wight on level 8 of the Dungeon)
 S - a +2 hand axe of electrocution {axe}
   (You took it off an orc warrior on level 2 of the Orcish Mines)
Missiles
 s - 2 boomerangs {throwing}
 H - 14 poisoned darts (quivered) {throwing}
Armour
 a - a +0 plate armour (worn)
   (You took it off an orc warrior on level 2 of the Orcish Mines)
 c - a +2 robe of willpower
   (You took it off an orc sorcerer on level 2 of the Orcish Mines)
 i - a +0 pair of boots (worn)
   (You found it on level 1 of the Dungeon)
 G - a +1 leather armour of willpower
   (You took it off an orc on level 6 of the Dungeon)
 L - a +0 pair of gloves (worn)
   (You found it on level 8 of the Dungeon)
Jewellery
 j - an amulet of guardian spirit (around neck)
   (You found it on level 2 of the Dungeon)
 E - the ring of Houk (left hand) {rN+ Slay+2}
   (You found it on level 5 of the Dungeon)

   [ring of positive energy]

   Slay:      It affects your accuracy & damage with ranged weapons and melee
   (+2).
   rN:        It protects you from negative energy.
Wands
 q - a wand of iceblast (4)
   (You took it off a goblin on level 3 of the Dungeon)
 A - a wand of paralysis (13)
   (You found it on level 4 of the Dungeon)
 O - a wand of acid (6)
   (You found it on level 9 of the Dungeon)
 P - a wand of flame (7)
   (You found it on level 9 of the Dungeon)
Scrolls
 g - 4 scrolls of teleportation {@r4}
 l - 2 scrolls of fog {unknown}
 m - 3 scrolls of noise {!r}
 n - 4 scrolls of fear
 o - 5 scrolls of enchant weapon
 r - 4 scrolls of magic mapping {!r}
 t - 3 scrolls of vulnerability {!r!r}
 w - a scroll of silence {unknown}
 x - a scroll of summoning {unknown}
 C - 2 scrolls of immolation {unknown}
 M - a scroll of blinking {unknown}
 Q - 3 scrolls of identify {@r1}
Potions
 d - 2 potions of resistance
 e - 2 potions of brilliance {unknown}
 f - 2 potions of might {unknown}
 h - 2 potions of ambrosia {unknown}
 k - 4 potions of curing {@q1}
 p - a potion of invisibility {unknown}
 v - a potion of mutation {unknown}
 z - 4 potions of lignification {unknown}
 D - 3 potions of haste {unknown}
 I - 2 potions of flight {unknown}
 J - a potion of degeneration {unknown}

Dungeon Overview and Level Annotations

Branches:
Dungeon (9/15)             Temple (0/1) D:4            Lair (0/6) D:9
    Orc (2/2) D:9             Elf (0/3) Orc:2         Sewer (visited)

Altars:
Okawaru

Shops:
D:8 (

Annotations:
D:7 2 transporters, Sheol's ghost, novice MiFi

.............
#.......#....
##...#..............
#...#.................
##......................
#.......................
#...........o..........
##....)ยง..4.........$$.
#....4o4#..............
#....##3##..............
##.# ##@.##.........$...
# #...)))..)....$....
###....############..
##<).[..# ####.[.....#
##.#...)....#
#......)....#
##....[......#
#......[.....#
##...........#
##...#.......#


You could see an orc high priest, an orange demon (summoned), a rust devil
(summoned) and a sixfirhy (summoned).


Message History

You now have 157 max hp (+1).
You slash the orc warrior!
You kill the orc warrior!
Trog accepts your kill.
The orc priest is engulfed in seething chaos.
You slice the orc!!
You feel the power of Trog in you as your rage grows.
You kill the orc!
Trog accepts your kill.
You slice the orc priest!!
You kill the orc priest!
Trog accepts your kill. ๐Ÿ˜จ HP[+1]
You feel a strong urge to attack something.
An orc wizard comes into view. It is wielding a +0 dagger.
You are no longer berserk.
You are exhausted.
You feel yourself slow down.
You see here a +0 club {mace}. ๐Ÿ˜จ HP[-26]
You now have 105 max hp (-52).
Cleave: u) +7 broad axe {vorpal, rCorr Str+4, axe}
Press: ? - help, Dir - move target, f - orc wizard
Aim: an orc wizard, wielding a +0 dagger and wearing a +0 robe (strong, about 32% to evade the +7 broad axe of Misery)
Your weapon can't reach that far!
Okay, then.
Unknown command.
Unknown command. ๐Ÿ˜ฎ HP[+1]
The orc wizard casts a spell at you.
The magic dart hits you but does no damage. ๐Ÿ˜ฎ MP[+1]
The orc wizard hits you but does no damage.
The orc high priest hits you from afar with a +0 glaive.
* * * LOW HITPOINT WARNING * * *
The orc wizard points at you and mumbles some strange words.
You easily resist. ๐Ÿ˜จ HP[-2]
You take 2 damage, and now have 51/105 hp.
You slice the orc wizard!!
You kill the orc wizard!
Trog accepts your kill.
Trog appreciates your killing of a magic user.
The orc high priest hits you but does no damage.
The orc high priest hits you from afar with a +0 glaive.
* * * LOW HITPOINT WARNING * * *
๐Ÿ˜จ HP[-1] MP[-1]
You take 1 damage, and now have 50/105 hp.
You lost 1 mp, and now have 6/10 mp.
The orc high priest barely misses you.
Items here: $ )))))))) [[[[ โ€ โ€ โ€ โ€ โ€ โ€ .
You slash the orc high priest! You headbutt the orc high priest.
The orc high priest mumbles some strange prayers to Beogh against you.
You struggle to resist.
The orc high priest prays to Beogh. ๐Ÿ˜จ HP[+1] It was a potion of resistance.
You feel protected.
The orc high priest says, "Your suffering will cleanse you of your heresy."
The orc high priest prays to Beogh.
You closely miss the orc high priest.
The orc high priest calls down the wrath of Beogh upon you.
Beogh smites you!
* * * LOW HITPOINT WARNING * * *
The orc high priest prays to Beogh.
The rust devil hits you. The rust devil corrodes you!
You hear a shout! ๐Ÿ˜จ HP[-9]
You take 9 damage, and now have 42/105 hp.
You slice the orc high priest!!
Your headbutt misses the orc high priest.
You slash the rust devil!
You hear a shout!
The hellwing disappears in a puff of smoke!
The orc high priest hits you with a +0 glaive!
* * * LOW HITPOINT WARNING * * *
The rust devil hits you.
* * * LOW HITPOINT WARNING * * *
The rust devil corrodes you! ๐Ÿ˜จ HP[-12] MP[-1]
You take 12 damage, and now have 30/105 hp.
You lost 1 mp, and now have 5/10 mp.
The orc high priest hits you from afar with a +0 glaive!
* * * LOW HITPOINT WARNING * * *
The orc high priest calls down the wrath of Beogh upon you.
Beogh smites you!
* * * LOW HITPOINT WARNING * * *
Items here: )))) [[[[ โ€ โ€ โ€ . ๐Ÿ˜ฑ HP[-16] MP[-2]
You take 16 damage, and now have 14/105 hp.
You lost 2 mp, and now have 3/10 mp.
You slash the rust devil!
You headbutt the rust devil, but do no damage.
The sixfirhy barely misses you. The sixfirhy hits you!
* * * LOW HITPOINT WARNING * * *
The sixfirhy shocks you. You resist.
* * * LOW HITPOINT WARNING * * *
The sixfirhy hits you but does no damage.
The sixfirhy hits you.
You die...

Skill      XL: |  1  2  3  4  5  6  7  8  9 10 11 |
---------------+----------------------------------+-----
Fighting       | 4 5 6 8 10 12 | 12.4
Axes           | 4 5 7 8 10 12 | 12.4
Armour         | 3 4 5 6 8 10 11 12 | 12.1
Dodging        | 3 4 |  4.5

Action                   |  1- 3 |  4- 6 |  7- 9 | 10-12 || total
-------------------------+-------+-------+-------+-------++-------
Melee: Hand axe          |    40 |    88 |       |    54 ||   182
       Punch             |     1 |       |     4 |     1 ||     6
       Headbutt          |     3 |    17 |    68 |    61 ||   149
       Whip              |       |    64 |    96 |       ||   160
       Flail             |       |       |   129 |       ||   129
       Mace              |       |       |    78 |   169 ||   247
       Broad axe         |       |       |       |    35 ||    35
Throw: Dart              |       |       |       |     5 ||     5
Invok: Berserk           |     1 |     2 |     9 |     5 ||    17
Evoke: Wand              |       |       |       |     7 ||     7
  Use: Scroll            |       |     1 |     6 |       ||     7
       Potion            |       |       |       |     1 ||     1
 Stab: Sleeping          |     1 |     1 |       |       ||     2
       Paralysed         |       |       |       |     7 ||     7
Armor: Animal skin       |     8 |    24 |       |       ||    32
       Chain mail        |       |    40 |   211 |    87 ||   338
       Plate armour      |       |       |       |    36 ||    36
Dodge: Dodged            |    28 |    98 |   151 |   128 ||   405

Levels and vault maps discovered:
D:1:      elethiomel_arrival_maze, layout_loops_corners,
          shapermc_ecumenical_altar_mp_vishouse, lemuel_old_faithful
D:2:      layout_basic, chequers_serial_rivers_micro_e, minivault_25,
          uniq_sigmund
D:3:      layout_basic
D:4:      layout_loops_cross, minmay_temple_entry_overgrown,
          lightli_sewer_entry_pipes
D:5:      layout_gridville, grunt_ministairs_15
D:6:      layout_layer_cave
D:7:      wander_river, layout_layer_cave, serial_shops, shop,
          gammafunk_ghost_berserking_beasts, grunt_ministairs_4,
          dk_rats_in_the_wall, uniq_duvessa
D:8:      layout_basic, mainiacjoe_overflow_24_doors, serial_shops,
          nicolae_shop_bloodbath_and_beyond, onia_ninara_dug_in_and_dangerous
D:9:      layout_layer_cave, grunt_lair_entry_orc_guard_hut, zombieorc2_lemuel
Orc:1:    layout_caves, serial_shops, nicolae_shop_trees
Orc:2:    st_orc_congregation, layout_caves

Notes
Turn   | Place    | Note
-------+----------+-------------------------------------------
     0 | D:1      | Faeu the Minotaur Berserker began the quest for the Orb.
     0 | D:1      | Reached XP level 1. HP: 19/19 MP: 0/0
     0 | D:1      | magus.rc [v1.9.6]
   520 | D:1      | Reached XP level 2. HP: 27/27 MP: 1/1
  1008 | D:1      | Found a faded altar of an unknown god.
  1085 | D:2      | Noticed Sigmund
  1096 | D:2      | Killed Sigmund
  1097 | D:2      | Reached skill level 4 in Fighting
  1097 | D:2      | Reached skill level 4 in Axes
  1097 | D:2      | Reached skill level 3 in Armour
  1097 | D:2      | Reached skill level 3 in Dodging
  1097 | D:2      | Reached XP level 3. HP: 29/34 MP: 2/2
  1097 | D:2      | Reached XP level 4. HP: 35/41 MP: 3/3
  1097 | D:2      | Reached XP level 5. HP: 40/47 MP: 4/4
  1319 | D:2      | Reached skill level 4 in Armour
  1434 | D:2      | Reached ** piety under Trog
  2033 | D:3      | Reached skill level 5 in Axes
  2054 | D:3      | Reached skill level 5 in Fighting
  2079 | D:3      | You pick up a book of Armaments {forbidden} and begin
                  | reading...
  2079 | D:3      | You add the spells Stone Arrow, Animate Armour and
                  | Lehudib's Crystal Spear to your library.
  2782 | D:4      | Noticed an ogre
  2787 | D:4      | Killed an ogre
  2788 | D:4      | Reached skill level 4 in Dodging
  2788 | D:4      | Reached XP level 6. HP: 56/56 MP: 3/5
  2800 | D:5      | Entered Level 5 of the Dungeon
  3070 | D:4      | Found a glowing drain.
  3082 | Sewer    | Entered a sewer
  3231 | Sewer    | Reached *** piety under Trog
  3303 | Sewer    | Reached skill level 5 in Armour
  3303 | Sewer    | Reached XP level 7. HP: 46/62 MP: 4/6
  3689 | D:4      | Found a staircase to the Ecumenical Temple.
  3709 | D:4      | Reached skill level 6 in Fighting
  3709 | D:4      | Reached skill level 6 in Axes
  4735 | D:5      | Reached skill level 6 in Armour
  4817 | D:5      | Reached skill level 7 in Axes
  4817 | D:5      | Reached XP level 8. HP: 56/71 MP: 5/7
  4984 | D:5      | Reached skill level 7 in Fighting
  5224 | D:5      | Identified the ring of Houk {rN+ Slay+2}
  5889 | D:6      | Reached skill level 7 in Armour
  5925 | D:6      | Reached **** piety under Trog
  6012 | D:6      | HP: 25/111 [gnoll/+0 vorpal halberd (5)]
  6328 | D:6      | You pick up a book of Spatial Translocations {forbidden}
                  | and begin reading...
  6328 | D:6      | You add the spells Blink, Lesser Beckoning and Manifold
                  | Assault to your library.
  6530 | D:6      | Reached skill level 8 in Fighting
  6530 | D:6      | Reached skill level 8 in Axes
  7271 | D:7      | Found a transporter.
  7276 | D:7      | Noticed Sheol's ghost (novice MiFi)
  7505 | D:7      | Noticed a troll
  7513 | D:7      | Killed a troll
  7514 | D:7      | Reached skill level 8 in Armour
  7514 | D:7      | Reached XP level 9. HP: 82/82 MP: 6/8
  7559 | D:7      | Found a transporter.
  7565 | D:7      | Noticed a moth of wrath
  7637 | D:8      | Reached skill level 9 in Fighting
  7639 | D:8      | Reached skill level 9 in Axes
  7986 | D:8      | Reached skill level 9 in Armour
  8207 | D:8      | Found an iron altar of Okawaru.
  8319 | D:8      | Noticed a tengu warrior
  8338 | D:8      | Noticed a six-headed hydra
  8340 | D:8      | Noticed a manticore
  8343 | D:8      | Noticed a centaur warrior
  8356 | D:8      | Found Pogaf's Weapon Emporium.
  8692 | D:8      | Noticed a manticore
  9058 | D:9      | Reached skill level 10 in Fighting
  9058 | D:9      | Reached skill level 10 in Axes
  9470 | D:9      | Reached skill level 10 in Armour
  9470 | D:9      | Reached XP level 10. HP: 94/94 MP: 7/9
  9476 | D:9      | Reached ***** piety under Trog
  9599 | D:9      | Found a staircase to the Orcish Mines.
  9605 | D:9      | Identified the +8 hand axe of Fitax {pain, rC- rN+ Dex+4
                  | SInv}
 10054 | D:9      | You pick up a book of Sloth {forbidden} and begin
                  | reading...
 10054 | D:9      | You add the spells Petrify, Metabolic Englaciation and
                  | Statue Form to your library.
 10230 | D:9      | Identified the +3 arbalest of Past Mistakes {flame, rC+
                  | Dex+6 Stlth+}
 10895 | D:9      | Found a staircase to the Lair.
 11193 | Orc:1    | Entered Level 1 of the Orcish Mines
 11521 | Orc:2    | Entered Level 2 of the Orcish Mines
 11607 | Orc:2    | Found a staircase to the Elven Halls.
 11668 | Orc:1    | Identified a +2 robe of the Archmagi
 11677 | Orc:2    | Reached skill level 11 in Fighting
 11677 | Orc:2    | Reached skill level 11 in Axes
 11992 | Orc:2    | Noticed an orc knight
 12012 | Orc:2    | Killed an orc knight
 12013 | Orc:2    | Reached skill level 11 in Armour
 12015 | Orc:2    | Identified the +7 broad axe of Misery {vorpal, rCorr Str+4}
                  | (Trog gifted it to you on level 2 of the Orcish Mines)
 12015 | Orc:2    | Received a gift from Trog
 12015 | Orc:2    | HP: 31/144 [orc warrior/+0 halberd (24)]
 12036 | Orc:2    | HP: 13/96 [orc priest/divine providence (11)]
 12429 | Orc:2    | Noticed an orc sorcerer
 12432 | Orc:2    | Paralysed by an orc sorcerer for 4 turns
 12436 | Orc:2    | Noticed a rust devil
 12541 | Orc:2    | Killed an orc sorcerer
 12720 | Orc:2    | Noticed an orc high priest
 12985 | Orc:2    | Noticed an orc high priest
 12995 | Orc:2    | Noticed an orc high priest
 13000 | Orc:2    | Reached skill level 12 in Fighting
 13002 | Orc:2    | Reached skill level 12 in Axes
 13002 | Orc:2    | Reached XP level 11. HP: 89/104 MP: 7/10
 13007 | Orc:2    | Noticed an orc sorcerer
 13009 | Orc:2    | Killed an orc high priest
 13018 | Orc:2    | Noticed an orc knight
 13022 | Orc:2    | Killed an orc sorcerer
 13023 | Orc:2    | Reached skill level 12 in Armour
 13024 | Orc:2    | Killed an orc knight
 13039 | Orc:2    | Noticed a sixfirhy
 13040 | Orc:2    | HP: 23/105 [orc high priest/+0 glaive (7)]
 13041 | Orc:2    | HP: 6/105 [sixfirhy[an orc high priest] (9)]
 13041 | Orc:2    | HP: 2/105 [sixfirhy[an orc high priest] (4)]
 13041 | Orc:2    | Slain by a sixfirhy

Vanquished Creatures
  An orc high priest (Orc:2)
  2 orc knights (Orc:2)
  2 orc sorcerers (Orc:2)
  A kobold demonologist (D:9)
  A troll (D:7)
  Sigmund (D:2)
  A shadow (D:9)
  4 yaks
  2 two-headed ogre zombies (D:9)
  2 sky beasts
  2 black bears
  2 ice beasts
  19 orc warriors
  5 ogres
  A necrophage (D:5)
  2 centaurs
  A phantom (D:9)
  A bullfrog (D:9)
  A gnoll sergeant (D:6)
  A kobold brigand (D:8)
  2 scorpions
  A troll zombie (D:9)
  5 killer bees (D:9)
  6 wights
  19 orc priests
  A bullfrog skeleton (D:4)
  A gnoll shaman (D:6)
  2 centaur skeletons
  2 iguanas
  16 orc wizards
  5 ogre zombies (D:9)
  A hound skeleton (D:4)
  A hound zombie (D:5)
  9 gnolls (D:6)
  12 adders
  3 river rats
  2 shadow imps (D:6)
  A white imp (D:8)
  3 ufetubi
  An adder zombie (D:5)
  3 worms (D:2)
  2 dart slugs
  41 orcs
  4 endoplasms
  4 giant cockroaches
  7 goblins
  3 hobgoblins
  9 jackals
  3 quokkas
  7 ball pythons
  7 bats
  6 frilled lizards
  A goblin skeleton (D:9)
  2 goblin zombies (D:9)
  2 hobgoblin skeletons (D:9)
  A hobgoblin zombie (D:9)
  7 kobolds
  6 orc skeletons (D:9)
  13 orc zombies (D:9)
  8 rats
281 creatures vanquished.

Vanquished Creatures (others)
  7 fungi (D:9)
  11 plants
18 creatures vanquished.

Grand Total: 299 creatures vanquished

Table legend:
 A = Non-vault XP
 B = Vault XP
 C = Vault XP percentage of total XP
 D = Non-vault monster count
 E = Vault monster count
 F = Vault count percentage of total count
                 A         B        C        D         E       F
            +---------+---------+-------+---------+---------+-------
      Total |    5457 |    7956 |  59.3 |     163 |     118 |  42.0
            +---------+---------+-------+---------+---------+-------
        D:1 |      24 |       0 |   0.0 |      13 |       0 |   0.0
        D:2 |      41 |     220 |  84.3 |      18 |       1 |   5.3
        D:3 |      64 |       0 |   0.0 |      23 |       0 |   0.0
        D:4 |     596 |      69 |  10.4 |      18 |       7 |  28.0
        D:5 |     475 |     158 |  25.0 |      12 |       2 |  14.3
        D:6 |     619 |       0 |   0.0 |      29 |       0 |   0.0
        D:7 |     661 |     114 |  14.7 |       5 |       6 |  54.5
        D:8 |    1385 |       0 |   0.0 |      21 |       0 |   0.0
        D:9 |    1167 |    1525 |  56.6 |      16 |      41 |  71.9
      Orc:1 |     205 |       3 |   1.4 |       3 |       1 |  25.0
      Orc:2 |     220 |    5803 |  96.3 |       5 |      48 |  90.6
      Sewer |       0 |      64 | 100.0 |       0 |      12 | 100.0
            +---------+---------+-------+---------+---------+-------

Illustrated notes

Table legend:
 A = Kills in this place as a percentage of kills in entire the game.
 B = Kills by you in this place as a percentage of kills by you in the entire game.
 C = Kills by friends in this place as a percentage of kills by friends in the entire game.
 D = Other kills in this place as a percentage of other kills in the entire game.
 E = Experience gained in this place as a percentage of experience gained in the entire game.
 F = Experience gained in this place divided by the number of levels of this place that you have seen.
                   A       B       C       D       E      F
               +-------+-------+-------+-------+-------+----------------------
         Total | 100.0 | 100.0 |   N/A |   N/A | 100.0 | 1117.8
       Dungeon |  75.4 |  75.4 |   N/A |   N/A |  53.1 | 790.9
  Orcish Mines |  20.3 |  20.3 |   N/A |   N/A |  46.5 | 3115.5
         Sewer |   4.3 |   4.3 |   N/A |   N/A |   0.5 |  64.0
               +-------+-------+-------+-------+-------+----------------------

Table legend: (Time is in decaauts)
 A = Elapsed time spent in this place.
 B = Non-inter-level travel time spent in this place.
 C = Inter-level travel time spent in this place.
 D = Time resting spent in this place.
 E = Time spent auto-exploring this place.
 F = Levels seen in this place.
 G = Mean time per level.
                   A        B        C        D        E       F      G
               +--------+--------+--------+--------+--------+-----+--------+
         Total |  13335 |  13072 |    263 |   2820 |   7572 |  12 | 1111.2 |
       Dungeon |  11025 |  10763 |    262 |   1906 |   7143 |   9 | 1225.0 |
  Orcish Mines |   1689 |   1689 |      0 |    789 |    137 |   2 |  844.5 |
         Sewer |    620 |    620 |      0 |    124 |    292 |   1 |  620.0 |
               +--------+--------+--------+--------+--------+-----+--------+

Top non-repeatable levels by time:
     D:9: 2402 daAuts
     D:6: 1535 daAuts
     D:8: 1411 daAuts
     D:5: 1393 daAuts
     D:4: 1135 daAuts
     D:1: 1079 daAuts
   Orc:2: 976 daAuts
     D:3: 920 daAuts
     D:2: 772 daAuts
   Orc:1: 712 daAuts
   Sewer: 620 daAuts
     D:7: 375 daAuts
